 Dungeon Crawl Stone Soup version 0.28.0-43-g3370ac3207 (webtiles) character file.

Game seed: 8756576633942608471

704 tizbic2 the Gusty (level 7, 0/50 HPs)
             Began as a Demigod Air Elementalist on Mar 5, 2022.
             Slain by a jelly (3 damage)
             ... on level 5 of the Dungeon.
             The game lasted 00:17:14 (3919 turns).

tizbic2 the Gusty (Demigod Air Elementalist)        Turns: 3919, Time: 00:17:14

Health: 0/50       AC: -2    Str: 13    XL:     7   Next: 16%
Magic:  4/15       EV: 11    Int: 21    God:
Gold:   104        SH:  5    Dex: 14    Spells: 4/13 levels left

rFire   . . .      SeeInvis .   e - +0 dagger
rCold   . . .      Faith    .   l - +0 buckler
rNeg    . . .      Spirit   .   p - +2 leather armour {Will+}
rPois   .          Reflect  .   a - +0 helmet
rElec   .          Harm     .   (no cloak)
rCorr   .          Rampage  .   (no gloves)
Will    +....                   (no boots)
Stlth   ++........              (no amulet)
HPRegen 0.16/turn               (no ring)
MPRegen 0.14/turn               (no ring)

@: corroded
A: high MP 1, forlorn, divine attributes
a: no special abilities


You were on level 5 of the Dungeon.
You visited 1 branch of the dungeon, and saw 4 of its levels.

You collected 104 gold pieces.

Inventory:

Hand Weapons
 e - a +0 dagger (weapon)
Missiles
 b - 74 stones (quivered)
 n - 6 poisoned darts
Armour
 a - a +0 helmet (worn)
 l - a +0 buckler (worn)
 p - a +2 leather armour of willpower (worn)
Scrolls
 c - a scroll of identify {unknown}
 d - a scroll of silence {unknown}
 h - a scroll of torment {unknown}
 i - 2 scrolls of teleportation {unknown}
 k - a scroll of noise {unknown}
 m - a scroll of acquirement {unknown}


   Skills:
 - Level 1.7 Dodging
 - Level 1.7 Stealth
 - Level 4.0 Shields
 + Level 3.5 Spellcasting
 - Level 0.8 Conjurations
 * Level 5.7 Air Magic


You had 4 spell levels left.
You knew the following spells:

 Your Spells              Type           Power      Damage    Failure   Level
a - Shock                 Conj/Air       68%        1d7       5%          1
b - Static Discharge      Conj/Air       17%        N/A       9%          2
c - Airstrike             Air            13%        N/A       21%         4
d - Poisonous Vapours     Pois/Air       30%        N/A       10%         2

Your spell library contained the following spells:

 Spells                   Type           Power      Damage    Failure   Level
 Swiftness                Air            27%        N/A       6%          3
 Sting                    Tmut/Pois      12%        1d3       22%         1
 Olgreb's Toxic Radiance  Pois           3%         N/A       91%         4


Dungeon Overview and Level Annotations

Branches:
Dungeon (5/15)             Temple (0/1) D:4


Innate Abilities, Weirdness & Mutations

You have an increased reservoir of magic. (+10% MP)
You shall have no god before yourself.
Your divine heritage dramatically boosts your attributes as you level up.


Message History

The jelly hits you. The acid corrodes you!
You are splashed with acid!
Casting: Shock (safe; 5% risk of failure)
Confirm with . or Enter, or press ? or * to list all spells.
Aiming: Shock (safe; 5% risk of failure)
Press: ? - help, Shift-Dir - straight line The zap hits the jelly.
The jelly is moderately wounded.
The jelly barely misses you.
Casting: Shock (safe; 5% risk of failure)
Confirm with . or Enter, or press ? or * to list all spells.
Aiming: Shock (safe; 5% risk of failure)
Press: ? - help, Shift-Dir - straight line The zap hits the jelly.
The jelly is heavily wounded.
You block the jelly's attack.
Casting: Shock (safe; 5% risk of failure)
Confirm with . or Enter, or press ? or * to list all spells.
The jelly is struck by an arc of lightning!
The jelly is severely wounded.
You are struck by an arc of lightning.
The lightning grounds out.
The jelly hits you.
You are splashed with acid!
Casting: Static Discharge (safe; 9% risk of failure)
Confirm with . or Enter, or press ? or * to list all spells.
The jelly is struck by an arc of lightning.
The jelly is almost dead.
You are struck by an arc of lightning.
* * * LOW HITPOINT WARNING * * *
The lightning grounds out.
The jelly barely misses you.
Casting: Static Discharge (safe; 9% risk of failure)
Confirm with . or Enter, or press ? or * to list all spells.
The jelly is struck by an arc of lightning.
The jelly is almost dead.
You are struck by an arc of lightning.
* * * LOW HITPOINT WARNING * * *
The lightning grounds out.
The jelly hits you.
* * * LOW HITPOINT WARNING * * *
The acid corrodes you!
You are splashed with acid!
* * * LOW HITPOINT WARNING * * *
The jelly hits you.
You die...

..#### ######.## #
#.#... .........
#.#.##.#############.#.
...#....................
..............# #######.
.###.##.#####.## #.....
##.##.# #..# #.###.
#...#.# ##.## #.# ##
#..+..@######..###.####
+.. +#..J...............
... ##..######.....####
#.. ##..# ##....# .. #.#
#....# . #.# #....# .##
#....# .... #..###
#.###.##รท######


You could see a jelly.

Vanquished Creatures
  An ogre (D:4)
  3 scorpions (D:4)
  A wyvern skeleton (D:5)
  A water moccasin skeleton (D:5)
  A jelly (D:5)
  A howler monkey (D:4)
  A centaur zombie (D:4)
  3 hounds
  A gnoll shaman (D:5)
  2 hound skeletons (D:4)
  2 adders
  3 gnolls (D:5)
  4 orcs (D:4)
  2 bats (D:1)
  6 endoplasms
  2 giant cockroaches
  4 goblins (D:1)
  6 hobgoblins
  A quokka (D:2)
  2 ball pythons
  7 frilled lizards
  4 rats
58 creatures vanquished.

Vanquished Creatures (others)
  9 fungi (D:4)
9 creatures vanquished.

Grand Total: 67 creatures vanquished

Notes
Turn   | Place    | Note
-------+----------+-------------------------------------------
     0 | D:1      | tizbic2 the Demigod Air Elementalist began the quest for
                  | the Orb.
     0 | D:1      | Reached XP level 1. HP: 14/14 MP: 5/5
   158 | D:1      | Reached skill level 3 in Air Magic
   371 | D:1      | Reached XP level 2. HP: 19/20 MP: 2/7
   472 | D:1      | Learned a level 2 spell: Static Discharge
  1583 | D:2      | You fall into a shaft and drop 2 floors!
  1583 | D:4      | Noticed a howler monkey
  1595 | D:4      | Killed a howler monkey
  1596 | D:4      | Reached skill level 1 in Shields
  1596 | D:4      | Reached XP level 3. HP: 26/26 MP: 0/9
  1614 | D:4      | Reached XP level 4. HP: 16/33 MP: 0/10
  1778 | D:4      | Noticed an ogre
  1784 | D:4      | Killed an ogre
  1785 | D:4      | Reached skill level 4 in Air Magic
  1785 | D:4      | Reached XP level 5. HP: 15/38 MP: 0/11
  2237 | D:4      | Found a staircase to the Ecumenical Temple.
  2421 | D:4      | Learned a level 4 spell: Airstrike
  2590 | D:4      | Learned a level 2 spell: Poisonous Vapours
  2659 | D:4      | Reached XP level 6. HP: 45/45 MP: 8/13
  2788 | D:4      | Reached skill level 5 in Air Magic
  2945 | D:5      | Entered Level 5 of the Dungeon
  3201 | D:5      | HP: 2/45 [gnoll shaman/+0 club (8)]
  3582 | D:5      | Reached XP level 7. HP: 21/50 MP: 0/15
  3919 | D:5      | Slain by a jelly

Illustrated notes

Levels and vault maps discovered:
D:1:      onia_arrival_mini_spirals, layout_basic, st_stairs_7
D:2:      layout_basic, basic_altar
D:4:      layout_basic, minmay_temple_entry_antechambers, serial_aquarium,
          aquarium_bridge_island_small [aquarium_subvault_small_water,
          aquarium_subvault_wall, aquarium_subvault_bridge,
          aquarium_subvault_bridge, aquarium_subvault_balcony],
          aquarium_window_corridor_1, aquarium_window_fake, aquarium_window_2,
          aquarium_view_2a, aquarium_view_2c, corexii_hall_statues_i
D:5:      layout_basic, grunt_decor_arrowhead, st_stairs_13

Skill      XL: |  1  2  3  4  5  6  7 |
---------------+----------------------+-----
Air Magic      | 3 4 5 |  5.7
Spellcasting   | 2 3 |  3.5
Shields        | 1 2 3 4 |  4.0
Dodging        | |  1.7
Stealth        | |  1.7
Conjurations   | |  0.8

Action                   |  1- 3 |  4- 6 |  7- 9 || total
-------------------------+-------+-------+-------++-------
Melee: Dagger            |    82 |   113 |     4 ||   199
       Club              |     4 |       |       ||     4
       Unarmed           |     4 |       |       ||     4
       Punch             |     1 |       |       ||     1
Throw: Stone             |    15 |       |       ||    15
 Cast: Shock             |    31 |    28 |     9 ||    68
       Static Discharge  |     4 |    15 |     7 ||    26
       Poisonous Vapours |       |    21 |       ||    21
  Use: Potion            |       |     2 |       ||     2
 Stab: Sleeping          |     2 |       |       ||     2
Armor: Robe              |    10 |       |       ||    10
       Leather armour    |    11 |    40 |     3 ||    54
Dodge: Dodged            |    53 |    72 |     9 ||   134
Block: Buckler           |     3 |    40 |     3 ||    46
